 Dungeon Crawl Stone Soup version 0.31-a0-496-g6f97920a28 (webtiles) character file.

Game seed: 10878919036999598292

5048 lessens the Cleaver (level 10, -1/115 HPs)
             Began as a Demonspawn Fighter on Aug 8, 2023.
             Was an Elder of Trog.
             Killed from afar by a deep elf pyromancer (19 damage)
             ... with a bolt of fire
             ... on level 7 of the Dungeon.
             The game lasted 00:11:07 (8113 turns).

lessens the Cleaver (Demonspawn Fighter)            Turns: 8113, Time: 00:11:08

Health: -1/115     AC:  8    Str: 21    XL:     10   Next: 30%
Magic:  10/10      EV: 18    Int: 10    God:    Trog [****..]
Gold:   51         SH:  4    Dex: 12    Spells: 9/9 levels left

rFire   . . .        n - +4 war axe (elec)
rCold   . . .        c - +0 buckler
rNeg    . . .        b - +0 scale mail
rPois   +            (helmet restricted)
rElec   .            k - +0 cloak
rCorr   .            (no gloves)
SInv    .            v - +0 pair of boots
Will    .....        (no amulet) Stlth
                     g - ring of poison resistance
HPRegen 0.39/turn    x - +5 ring of evasion
MPRegen 0.24/turn

%: no passive effects
@: berserking (expiring), very quick
A: horns 2, repulsion field 2, demonic guardian 1, magic regeneration
a: Renounce Religion, Berserk, Trog's Hand, Brothers in Arms


You were on level 7 of the Dungeon.
You worshipped Trog.
Trog was greatly pleased with you.
You visited 2 branches of the dungeon, and saw 8 of its levels.
You also visited: Ossuary.

You collected 388 gold pieces.
You spent 337 gold pieces at shops.

Inventory:

Hand Weapons
 a - a +0 war axe
 l - a +5 battleaxe of freezing
 n - a +4 war axe of electrocution (weapon)
Missiles
 h - 86 stones
 z - 4 throwing nets
 E - 2 curare-tipped darts
Armour
 b - a +0 scale mail (worn)
 c - a +0 buckler (worn)
 k - a +0 cloak (worn)
 v - a +0 pair of boots (worn)
Jewellery
 g - a ring of poison resistance (left hand)
 x - a +5 ring of evasion (right hand)
Wands
 i - a wand of flame (31)
 q - a wand of roots (33)
Scrolls
 f - 4 scrolls of enchant weapon
 j - 2 scrolls of enchant armour {unknown}
 o - a scroll of teleportation {unknown}
 p - a scroll of brand weapon {unknown}
 r - a scroll of identify
 t - 4 scrolls of amnesia
 u - 2 scrolls of acquirement {unknown}
 y - 4 scrolls of fog
 A - 2 scrolls of revelation
 B - a scroll of fear {unknown}
 C - 3 scrolls of poison {unknown}
 D - 2 scrolls of blinking {unknown}
 F - 2 scrolls of vulnerability
 G - a scroll of immolation {unknown}
Potions
 d - 4 potions of might
 e - 4 potions of heal wounds {unknown}
 m - a potion of curing {unknown}
 s - 3 potions of haste
 w - 3 potions of enlightenment {unknown}


   Skills:
 - Level 6.5 Fighting
 * Level 12.8 Axes
 - Level 2.6 Armour
 + Level 1.8 Dodging
 - Level 2.6 Shields


You had 9 spell levels left.
You didn't know any spells.
Your spell library was empty.

Dungeon Overview and Level Annotations

Branches:
Dungeon (7/15) Zot: 25643  Temple (1/1) D:4 Zot: 5857 Ossuary (visited)

Altars:
Ashenzari
Cheibriados
Dithmenos
Fedhas
Gozag
Hepliaklqana
Kikubaaqudgha
Makhleb
Nemelex Xobeh
Okawaru
Qazlal
Ru
Sif Muna
Trog
Uskayaw
Vehumet
Wu Jian
Yredelemnul

Shops:
D:2 (   D:3 ?   D:6 ?

Annotations:
D:6 1 runed translucent door, Newt's ghost, novice MfGl


Innate Abilities, Weirdness & Mutations

You have a pair of horns on your head.
You are surrounded by a moderate repulsion field. (EV +3)
A weak demonic guardian rushes to your aid.
You regenerate magic rapidly.


Message History

You slash the cyclops!
The cyclops is moderately wounded.
The cyclops hits you!!
* * * LOW HITPOINT WARNING * * *
You slice the cyclops!! You headbutt the cyclops!
You kill the cyclops!
Trog accepts your kill.
You slash the fire elemental!
Your headbutt misses the fire elemental.
The fire elemental is moderately damaged.
The deep elf pyromancer mumbles some strange words.
The deep elf pyromancer blinks!
The fire elemental misses you.
You barely miss the fire elemental.
The fire elemental is moderately damaged.
You barely miss the fire elemental.
Your headbutt misses the fire elemental.
The fire elemental is moderately damaged.
The fire elemental misses you.
You closely miss the fire elemental.
The fire elemental is moderately damaged.
The fire elemental hits you. The fire elemental burns you!
* * * LOW HITPOINT WARNING * * *
You hit the fire elemental.
Your headbutt misses the fire elemental.
The fire elemental is heavily damaged.
You block the fire elemental's attack.
The deep elf pyromancer gestures wildly while chanting.
The deep elf pyromancer blinks!
You hit the fire elemental. You headbutt the fire elemental!
The fire elemental is almost destroyed.
The fire elemental barely misses you.
You completely miss the fire elemental.
The fire elemental is almost destroyed.
The fire elemental misses you.
You slash the fire elemental!
You destroy the fire elemental!
The fire elemental disappears in a puff of smoke!
The deep elf pyromancer points at you and mumbles some strange words.
The bolt of fire hits you!!
You die...

##♣.♣## ###
#.#######. ♣# ♣♣..♣
#####..... .# ♣♣..♣♣♣
♣#......##. .#
♣♣..♣♣..♣
~.#.###..##. .#
♣♣..♣♣ ...♣
~.♣#.#....##.
.#♣♣..♣♣ ♣..♣♣
♣.♣♣#.#.#.....
##♣..♣♣ ♣..♣♣
♣.#.♣#.#.......
##..♣♣
♣..♣#[~~~$#.#.#.....
))..♣♣
♣♣.5@§e~~~.#.###.###.
##♣..♣#
♣♣..♣♣#[~§~?#...#.#
#. ##♣♣..♣# ♣♣..♣♣
♣.#.♣###.#.# #. .#
♣♣..♣♣♣♣..♣♣ ♣.♣♣
#.#.# #. .#
♣♣..♣♣..♣♣ ~.♣ #.#.#
#. .# ♣♣....♣♣ ~.#
#.#.# #. .# ♣♣..♣♣ ♣#
#.#.# #< ♣# ♣♣.♣
###.#.###. ##♣.♣
#######.#.#.))..


You could see a deep elf pyromancer (ally target) and a friendly ufetubus
(summoned).

Vanquished Creatures
  A cyclops (D:7)
  An unseen horror (shapeshifter) (D:7)
  A troll (D:7)
  Grinder (D:3)
  A shadow (D:7)
  A steam dragon (D:7)
  An acid dragon (D:7)
  A water moccasin (D:7)
  An ice beast (D:6)
  2 orc warriors (D:6)
  Duvessa (D:7)
  3 sky beasts (D:7)
  2 centaurs
  2 ogres
  2 kobold brigands
  5 bullfrogs (D:7)
  2 scorpions
  A water moccasin zombie (Ossuary)
  4 wights
  Dowan (D:7)
  4 centaur zombies (Ossuary)
  2 bullfrog zombies (Ossuary)
  A human zombie (Ossuary)
  8 orc priests
  2 gnoll boudas (D:7)
  2 hounds
  3 jellies
  7 iguanas
  Terence (D:3)
  A sleepcap (D:5)
  Natasha (thrice) (D:2)
  Ijyb (D:3)
  9 orc wizards
  Robin (D:2)
  18 gnolls
  4 adders
  2 shadow imps
  2 white imps
  An ufetubus (D:6)
  2 adder zombies (Ossuary)
  A worm (D:2)
  5 dart slugs
  22 orcs
  9 ball pythons
  6 endoplasms
  4 giant cockroaches
  14 goblins
  7 hobgoblins
  3 jackals (D:2)
  4 quokkas
  4 bats
  8 frilled lizards
  3 gnoll zombies (Ossuary)
  5 goblin zombies (Ossuary)
  7 hobgoblin zombies (Ossuary)
  9 kobolds
  2 orc zombies (Ossuary)
  5 rats
226 creatures vanquished.

Vanquished Creatures (collateral kills)
  Eustachio (D:5)
  3 goblins (D:2)
  A hobgoblin (D:2)
5 creatures vanquished.

Vanquished Creatures (others)
  An orc wizard (D:7)
  An adder (D:6)
2 creatures vanquished.

Grand Total: 233 creatures vanquished

Notes
Turn   | Place    | Note
-------+----------+-------------------------------------------
     0 | D:1      | lessens the Demonspawn Fighter began the quest for the Orb.
     0 | D:1      | Reached XP level 1. HP: 18/18 MP: 1/1
    47 | D:1      | Reached skill level 2 in Axes
   105 | D:1      | Gained mutation: You are surrounded by a mild repulsion
                  | field. (EV +2) [demonic ancestry]
   105 | D:1      | Reached XP level 2. HP: 24/24 MP: 2/2
   388 | D:1      | Reached skill level 3 in Axes
   632 | D:1      | Gained mutation: You have a pair of small horns on your
                  | head. [demonic ancestry]
   632 | D:1      | Reached XP level 3. HP: 29/29 MP: 3/3
  1190 | D:2      | Noticed Natasha
  1195 | D:2      | Killed Natasha
  1255 | D:2      | Reached skill level 4 in Axes
  1255 | D:2      | Gained mutation: A weak demonic guardian rushes to your
                  | aid. [demonic ancestry]
  1255 | D:2      | Reached XP level 4. HP: 35/35 MP: 4/4
  1304 | D:2      | Noticed Natasha
  1310 | D:2      | Killed Natasha
  1657 | D:2      | Found Oruyd's Antique Weapon Emporium.
  1766 | D:2      | Identified the +3 helmet "Zuklyoh" {rElec rF++ Str-2
                  | Stlth+}
  1766 | D:2      | Noticed Robin
  1899 | D:2      | Killed Robin
  1900 | D:2      | Reached XP level 5. HP: 41/41 MP: 5/5
  2080 | D:2      | Noticed Natasha
  2096 | D:2      | Killed Natasha
  2097 | D:2      | Reached skill level 5 in Axes
  2464 | D:3      | Found Ubeol's Magic Scroll Shop.
  2661 | D:2      | Bought a glowing war axe for 110 gold pieces
  2808 | D:3      | Noticed Terence
  2814 | D:3      | Killed Terence
  2899 | D:3      | Noticed Ijyb
  2903 | D:3      | Killed Ijyb
  3107 | D:3      | Gained mutation: You regenerate magic rapidly. [demonic
                  | ancestry]
  3107 | D:3      | Reached XP level 6. HP: 30/47 MP: 6/6
  3280 | D:3      | Noticed Grinder
  3286 | D:3      | Killed Grinder
  3287 | D:3      | Reached skill level 6 in Axes
  3741 | D:4      | Found a staircase to the Ecumenical Temple.
  3753 | Temple   | Entered the Ecumenical Temple
  3824 | Temple   | Became a worshipper of Trog the Wrathful
  4084 | D:4      | Reached skill level 7 in Axes
  4084 | D:4      | Reached XP level 7. HP: 40/52 MP: 7/7
  4482 | D:5      | Entered Level 5 of the Dungeon
  4558 | D:5      | Reached skill level 8 in Axes
  4768 | D:5      | Noticed Eustachio
  4774 | D:5      | Reached * piety under Trog
  4790 | D:5      | Killed Eustachio
  4971 | D:5      | Reached XP level 8. HP: 58/58 MP: 8/8
  5071 | D:5      | Reached skill level 9 in Axes
  5875 | D:6      | Reached skill level 10 in Axes
  5967 | D:6      | Found a sand-covered staircase.
  5971 | Ossuary  | Entered an ossuary
  6019 | Ossuary  | Reached ** piety under Trog
  6096 | Ossuary  | Noticed a silent spectre
  6167 | D:6      | Gained mutation: You have a pair of horns on your head.
                  | [demonic ancestry]
  6167 | D:6      | Reached XP level 9. HP: 63/65 MP: 9/9
  6226 | D:6      | Found a runed translucent door.
  6226 | D:6      | Noticed Newt's ghost (novice MfGl)
  6358 | D:6      | Found The Oracle's Delphic Readings.
  6366 | D:6      | Bought a scroll of fog for 52 gold pieces
  6366 | D:6      | Bought a scroll of identify for 26 gold pieces
  6366 | D:6      | Bought a scroll of revelation for 97 gold pieces
  6366 | D:6      | Bought a scroll of vulnerability for 52 gold pieces
  6504 | D:6      | Found an iron altar of Okawaru.
  6504 | D:6      | Found a hazy altar of Hepliaklqana.
  6608 | D:6      | Found a shimmering blue altar of Sif Muna.
  6613 | D:6      | Reached skill level 11 in Axes
  6693 | D:6      | Reached *** piety under Trog
  6903 | D:7      | Identified the +5 trident "Yneuceask" {protect, rN++}
  6914 | D:7      | Reached skill level 5 in Fighting
  7160 | D:7      | Reached skill level 12 in Axes
  7165 | D:7      | Killed an unseen horror
  7184 | D:7      | Gained mutation: You are surrounded by a moderate repulsion
                  | field. (EV +3) [demonic ancestry]
  7184 | D:7      | Reached XP level 10. HP: 50/77 MP: 10/10
  7315 | D:7      | Reached **** piety under Trog
  7543 | D:7      | Noticed Duvessa
  7549 | D:7      | Killed Duvessa
  7579 | D:7      | Noticed Dowan
  7586 | D:7      | Killed Dowan
  7788 | D:7      | Found an ornate altar of the Wu Jian Council.
  8093 | D:7      | Noticed a deep elf pyromancer
  8093 | D:7      | Noticed a cyclops
  8102 | D:7      | Reached skill level 1 in Dodging
  8105 | D:7      | Killed a cyclops
  8113 | D:7      | Killed from afar by a deep elf pyromancer

Illustrated notes

Levels and vault maps discovered:
D:1:      co_arrival_hall_of_pillars, layout_loops_corners,
          kennysheep_flooded_box
D:2:      layout_basic, serial_shops, shop, bh_walls_and_bars, uniq_natasha,
          uniq_robin
D:3:      layout_loops_corners, serial_shops, shop_statue,
          minmay_misc_feat_ornament, uniq_terence, uniq_ijyb, uniq_grinder
D:4:      layout_rooms, minmay_temple_entry_statues_pillars
D:5:      layout_loops_ring, minivault_4, kb_lookout_dungeons_type,
          uniq_eustachio
D:6:      layout_loops_cross, gammafunk_temple_overflow_forgotten,
          gammafunk_ghost_grave, enter_ossuary_5, serial_bayou_ford_a,
          st_stairs_8, nicolae_nh_oracle_at_delphi
D:7:      nzn_winding_woodlands_large [nzn_winding_woodlands_5x5_three,
          nzn_winding_woodlands_5x15_crooked, nzn_winding_woodlands_5x5_cross,
          nzn_winding_woodlands_center_triple_pond,
          nzn_winding_woodlands_15x15_thick_spiral,
          nzn_winding_woodlands_center_pierced_h,
          nzn_winding_woodlands_5x5_closed_star,
          nzn_winding_woodlands_5x15_garden, nzn_winding_woodlands_5x5_default],
          layout_basic, mainiacjoe_overflow_paths, uniq_duvessa
Temple:   minmay_temple_bridge_d

Skill      XL: |  1  2  3  4  5  6  7  8  9 10 |
---------------+-------------------------------+-----
Axes           | 2 3 4 5 7 8 10 12 | 12.8
Fighting       | 4 6 |  6.5
Dodging        | 1 |  1.8
Armour         | |  2.6
Shields        | |  2.6

Action                     |  1- 3 |  4- 6 |  7- 9 | 10-12 || total
---------------------------+-------+-------+-------+-------++-------
  Melee: War axe           |    74 |   123 |   293 |    44 ||   534
         Headbutt          |     4 |    14 |    55 |     7 ||    80
 Invoke: Berserk           |       |       |       |     1 ||     1
    Use: Potion            |       |     1 |       |       ||     1
         Scroll            |       |       |     5 |       ||     5
 Armour: Scale mail        |    32 |    41 |    67 |    13 ||   153
  Dodge: Dodged            |    47 |    61 |   161 |    27 ||   296
  Block: Buckler           |    14 |    23 |    45 |    10 ||    92

Table legend: (Time is in decaauts)
 A = Elapsed time spent in this place.
 B = Non-inter-level travel time spent in this place.
 C = Inter-level travel time spent in this place.
 D = Time resting spent in this place.
 E = Time spent auto-exploring this place.
 F = Levels seen in this place.
 G = Mean time per level.
                   A        B        C        D        E       F      G
               +--------+--------+--------+--------+--------+-----+--------+
         Total |   8183 |   7637 |    546 |    286 |   5670 |   9 |  909.2 |
       Dungeon |   7873 |   7468 |    405 |    286 |   5632 |   7 | 1124.7 |
        Temple |    142 |      1 |    141 |      0 |      0 |   1 |  142.0 |
       Ossuary |    167 |    167 |      0 |      0 |     38 |   1 |  167.0 |
               +--------+--------+--------+--------+--------+-----+--------+

Top non-repeatable levels by time:
     D:2: 1648 daAuts
     D:7: 1356 daAuts
     D:3: 1167 daAuts
     D:5: 1162 daAuts
     D:1: 961 daAuts
     D:6: 944 daAuts
     D:4: 632 daAuts
 Ossuary: 167 daAuts
  Temple: 142 daAuts

Levels and vault maps discovered:
D:1:      co_arrival_hall_of_pillars, layout_loops_corners,
          kennysheep_flooded_box
D:2:      layout_basic, serial_shops, shop, bh_walls_and_bars, uniq_natasha,
          uniq_robin
D:3:      layout_loops_corners, serial_shops, shop_statue,
          minmay_misc_feat_ornament, uniq_terence, uniq_ijyb, uniq_grinder
D:4:      layout_rooms, minmay_temple_entry_statues_pillars
D:5:      layout_loops_ring, minivault_4, kb_lookout_dungeons_type,
          uniq_eustachio
D:6:      layout_loops_cross, gammafunk_temple_overflow_forgotten,
          gammafunk_ghost_grave, enter_ossuary_5, serial_bayou_ford_a,
          st_stairs_8, nicolae_nh_oracle_at_delphi
D:7:      nzn_winding_woodlands_large [nzn_winding_woodlands_5x5_three,
          nzn_winding_woodlands_5x15_crooked, nzn_winding_woodlands_5x5_cross,
          nzn_winding_woodlands_center_triple_pond,
          nzn_winding_woodlands_15x15_thick_spiral,
          nzn_winding_woodlands_center_pierced_h,
          nzn_winding_woodlands_5x5_closed_star,
          nzn_winding_woodlands_5x15_garden, nzn_winding_woodlands_5x5_default],
          layout_basic, mainiacjoe_overflow_paths, uniq_duvessa
Temple:   minmay_temple_bridge_d
